Map: Year Zero LE

Players

ShoWTimE

  • Race: Protoss Protoss
  • League: Grandmaster
  • Spawn Location: 1:00

Lambo - Winner!

  • Race: Zerg Zerg
  • League: Grandmaster
  • Spawn Location: 11:00

VOD

Have the link to the VOD?

Description

Time

  • Played on: Feb. 5, 2019, 10:53 a.m.
  • Length: 24:58
Show
View Real Time Build Order
Export as new Build Order

ShoWTimE Protoss 

Build Orders: 1 Gate Expand, Oracle Opening, Phoenix Opening, Archon Immortal, Carriers, Archon Drop 

Get SALT Encoding   

  12  0:00  Probe  
  13  0:13  Probe  
  14  0:18  Pylon  
  14  0:25  Probe  
  15  0:33  Probe  
  15  0:41  Gateway, Probe  
  16  0:47  Assimilator  
  17  0:51  Probe  
  18  1:03  Probe  
  19  1:15  Probe  
  20  1:26  Nexus  
  20  1:36  Cybernetics Core  
  20  1:38  Probe  
  21  1:44  Assimilator  
  21  1:51  Probe  
  22  1:54  Pylon  
  22  2:02  Adept  
  22  2:03  Probe  
  23  2:15  Probe  
  26  2:18  Stargate  
  26  2:23  Adept, Warp Gate  
  26  2:27  Probe  
  27  2:35  Probe  
  29  2:39  Probe  
  29  2:43  Probe  
  32  2:51  Probe  
  32  2:52  Adept  
  32  2:53  Probe  
  32  2:56  Phoenix  
  36  3:03  Probe  
  39  3:07  Probe  
  39  3:11  Pylon  
  40  3:15  Probe  
  40  3:19  Probe  
  42  3:20  Oracle  
  45  3:27  Probe  
  45  3:31  Probe  
  47  3:37  Assimilator  
  47  3:39  Probe  
  47  3:40  Gateway  
  48  3:42  Assimilator  
  48  3:44  Probe  
  49  3:51  Robotics Facility  
  49  3:52  Probe  
  50  3:56  Probe  
  50  3:59  Twilight Council  
  51  4:04  Probe  
  51  4:06  Pylon  
  51  4:08  Probe  
  53  4:16  Gateway, Probe  
  54  4:20  Gateway  
  54  4:24  Probe  
  54  4:30  Warp Prism  
  55  4:31  Probe  
  56  4:38  Templar Archives  
  56  4:40  Pylon  
  56  4:45  Adept  
  60  4:46  Adept  
  62  4:59  Pylon  
  62  5:05  Nexus  
  62  5:06  Observer  
  63  5:07  Probe  
  63  5:08  Probe  
  65  5:15  Pylon  
  65  5:19  Probe  
  65  5:20  Probe  
  67  5:24  Immortal  
  67  5:26  High Templar x4  
  75  5:30  Shield Battery  
  75  5:31  Archon x2  
  79  5:38  Pylon  
  79  5:39  Probe  
  79  5:40  Probe  
  81  5:50  Forge  
  81  5:51  Probe  
  81  5:52  Probe  
  83  6:01  Immortal  
  83  6:03  Probe  
  84  6:04  Probe  
  84  6:10  Pylon  
  89  6:12  Charge  
  89  6:13  Probe x2  
  89  6:15  Probe  
  91  6:21  Probe x2  
  91  6:24  Probe  
  93  6:29  Probe  
  93  6:30  Probe, Protoss Ground Weapons Level 1  
  93  6:32  Gateway  
  95  6:34  Probe  
  95  6:36  Gateway  
  98  6:41  Immortal, Probe  
  98  6:42  Gateway, Psionic Storm, Probe  
  98  6:46  Probe  
  101  6:49  Assimilator  
  101  6:52  Assimilator  
  105  6:57  Pylon  
  105  7:04  Gateway  
  105  7:07  High Templar x2  
  109  7:09  Pylon  
  109  7:12  Pylon  
  109  7:14  Immortal  
  109  7:17  Photon Cannon  
  109  7:18  Photon Cannon  
  109  7:24  Photon Cannon  
  109  7:29  High Templar  
  115  7:35  High Templar  
  117  7:44  Immortal  
  117  7:51  Pylon  
  117  7:54  Nexus  
  117  7:56  Pylon  
  117  7:58  Pylon  
  121  8:00  Probe x3  
  124  8:08  Fleet Beacon  
  124  8:10  Stargate  
  124  8:15  Pylon x2  
  124  8:16  Photon Cannon  
  124  8:18  Photon Cannon  
  124  8:20  Shield Battery  
  124  8:24  Immortal  
  124  8:25  Protoss Ground Weapons Level 2  
  128  8:34  Probe x3  
  131  8:35  Carrier  
  131  8:44  Assimilator  
  131  8:47  Carrier  
  131  8:49  Assimilator  
  131  8:52  Photon Cannon  
  131  8:53  Shield Battery  
  143  9:04  Zealot x2  
  143  9:07  Zealot x2  
  151  9:17  Mothership, Probe  
  151  9:18  Probe  
  161  9:26  Carrier  
  161  9:29  Shield Battery  
  161  9:32  Pylon  
  161  9:35  Stargate  
  161  9:38  Protoss Air Weapons Level 1, Zealot x4  
  167  9:50  Zealot  
  175  9:59  Carrier  
  175  10:00  Photon Cannon  
  173  10:16  Nexus, Pylon  
  173  10:20  Stalker x2  
  181  10:30  Carrier  
  187  10:38  Cybernetics Core, Observer  
  188  10:44  Protoss Ground Weapons Level 3, Pylon  
  188  10:47  Assimilator  
  188  10:51  Carrier  
  188  10:52  Assimilator  
  194  11:00  High Templar x2  
  196  11:07  Photon Cannon  
  196  11:08  Protoss Air Armor Level 1  
  196  11:10  Photon Cannon  
  194  11:14  Zealot x3  
  194  11:15  Carrier, Zealot x3  
  194  11:40  Zealot  
  194  11:41  Zealot x2  
  181  11:52  Zealot x5  
  183  11:57  Carrier  
  189  12:10  Robotics Bay  
  189  12:13  Robotics Facility  
  189  12:14  Protoss Air Weapons Level 2  
  189  12:22  Photon Cannon  
  189  12:25  Photon Cannon  
  189  12:27  Photon Cannon  
  189  12:28  Photon Cannon  
  189  12:30  Shield Battery  
  189  12:32  Pylon  
  189  12:35  High Templar x2  
  185  12:37  Carrier  
  183  12:58  Protoss Air Armor Level 2, Disruptor, Protoss Shields Level 1  
  183  13:02  Carrier  
  183  13:03  Carrier  
  198  13:20  Shield Battery  
  198  13:22  Shield Battery x2  
  198  13:35  Photon Cannon  
  198  13:41  Pylon  
  198  13:43  Archon  
  198  13:46  Disruptor  
  199  14:14  Disruptor x2  
  193  14:21  Carrier  
  191  14:25  High Templar x3  
  189  14:33  Carrier  
  195  14:39  Disruptor  
  198  15:05  Pylon  
  197  15:10  Pylon  
  197  15:11  Zealot  
  197  15:13  Shield Battery  
  199  15:15  Shield Battery  
  199  15:17  Shield Battery  
  199  15:21  Observer  
  200  15:26  Protoss Air Weapons Level 3  
  200  15:27  Protoss Air Armor Level 3  
  200  15:39  Shield Battery  
  200  15:44  Shield Battery  
  200  15:45  Shield Battery  
  200  15:47  Pylon  
  194  16:26  Colossus  
  197  16:38  Carrier  
  192  16:48  Carrier  
  198  16:56  Protoss Shields Level 2  
  198  16:57  High Templar  
  198  17:29  Disruptor  
  195  17:32  Disruptor  
  198  17:41  High Templar  
  194  18:44  Extended Thermal Lance  
  192  18:56  Carrier  
  171  19:10  Carrier  
  171  19:12  Carrier  
  152  19:19  High Templar x8  
  152  19:20  Disruptor  
  152  19:21  Disruptor  
  138  19:27  Archon x3  
  138  19:28  Mothership  
  144  19:32  Stargate, Blink  
  144  19:37  Stargate  
  143  19:46  Carrier  
  142  19:55  Nexus  
  142  19:56  Pylon, Disruptor x2  
  142  19:57  Carrier  
  154  20:09  Pylon  
  160  20:33  Observer  
  161  20:39  Carrier  
  167  20:43  Void Ray x2  
  167  20:44  Void Ray  
  174  20:55  Nexus  
  178  20:58  Pylon  
  178  21:01  Assimilator, Void Ray  
  182  21:06  Assimilator  
  182  21:10  Stalker  
  184  21:22  Void Ray  
  184  21:26  Void Ray  
  192  21:38  Void Ray  
  196  21:40  Observer  
  196  21:49  Oracle  
  199  22:21  Photon Cannon  
  199  22:22  Photon Cannon  
  199  22:24  Photon Cannon  
  199  22:30  Mothership  
  195  23:54  Tempest  
  196  24:23  High Templar x4  
  157  24:40  Archon  
  157  24:44  Stalker x4  
Show
View Real Time Build Order
Export as new Build Order

Lambo Zerg - Winner!

Build Orders: Hatch First, Brood Lord Corruptor 

Get SALT Encoding   

  12  0:02  Drone  
  13  0:14  Overlord  
  13  0:18  Drone  
  14  0:32  Drone x2  
  16  0:50  Hatchery  
  16  0:53  Drone  
  16  0:57  Drone  
  16  1:00  Drone  
  18  1:11  Extractor  
  18  1:14  Spawning Pool  
  16  1:19  Drone  
  16  1:22  Drone  
  18  1:31  Drone  
  19  1:42  Drone  
  20  1:53  Overlord  
  20  2:03  Queen x2, Zergling x2  
  20  2:04  Zergling x2  
  26  2:15  Drone  
  27  2:16  Drone  
  29  2:30  Drone x2  
  30  2:39  Hatchery, Pneumatized Carapace  
  30  2:43  Drone  
  30  2:45  Drone  
  30  2:49  Drone  
  32  2:52  Overlord  
  32  2:56  Drone  
  33  2:58  Drone  
  34  3:06  Queen  
  34  3:11  Drone  
  34  3:12  Drone x2  
  39  3:15  Drone  
  39  3:18  Drone x2  
  42  3:20  Drone  
  42  3:23  Zergling x2  
  43  3:35  Overlord  
  43  3:41  Overlord  
  43  3:43  Spore Crawler  
  43  3:44  Drone  
  43  3:52  Metabolic Boost  
  43  3:53  Queen  
  43  3:54  Drone  
  43  3:55  Drone x2  
  47  3:56  Drone  
  47  4:01  Drone x2, Spore Crawler  
  50  4:04  Queen  
  50  4:07  Drone x2  
  50  4:08  Overlord  
  54  4:20  Drone x3  
  54  4:23  Overlord  
  57  4:28  Drone x2  
  57  4:29  Drone x4  
  61  4:33  Overlord  
  61  4:36  Overlord  
  61  4:37  Drone  
  62  4:40  Lair  
  62  4:44  Drone  
  63  4:47  Extractor  
  63  4:49  Extractor  
  63  4:50  Drone x2  
  63  4:52  Drone x3  
  66  4:53  Drone x2  
  66  4:54  Drone x2  
  66  4:59  Roach Warren  
  69  5:02  Queen  
  69  5:06  Drone x3  
  74  5:08  Drone x2  
  74  5:12  Evolution Chamber, Zergling x4  
  77  5:19  Zergling x6  
  77  5:21  Drone x2  
  82  5:23  Extractor  
  82  5:24  Extractor  
  82  5:26  Overlord  
  80  5:31  Overlord  
  80  5:33  Drone x4  
  80  5:34  Drone x3  
  87  5:38  Glial Reconstitution  
  87  5:41  Roach x2, Hydralisk Den  
  90  5:45  Overlord  
  90  5:46  Roach  
  90  5:49  Roach  
  93  5:54  Zerg Missile Weapons Level 1  
  93  5:55  Extractor  
  93  5:56  Baneling Nest  
  89  6:02  Roach x4  
  96  6:14  Grooved Spines  
  96  6:15  Drone x4, Hydralisk  
  102  6:20  Overlord  
  102  6:22  Drone x3  
  105  6:27  Overseer  
  105  6:32  Hydralisk x4  
  105  6:39  Hydralisk x2  
  117  6:42  Hatchery  
  117  6:46  Infestation Pit  
  110  6:55  Centrifical Hooks  
  110  6:56  Drone x3  
  110  6:57  Overlord x3  
  113  7:03  Overlord x2  
  113  7:04  Overlord  
  113  7:10  Overlord x2  
  113  7:17  Overlord  
  113  7:18  Overlord  
  113  7:21  Zergling x4  
  113  7:22  Zergling x2  
  116  7:23  Zergling x6  
  116  7:26  Muscular Augments  
  119  7:32  Overseer  
  119  7:33  Hydralisk x4  
  119  7:34  Hive  
  127  7:38  Spire  
  127  7:43  Drone x5  
  127  7:44  Drone  
  132  7:47  Drone x2  
  134  7:59  Hydralisk x3  
  134  8:00  Zergling x8  
  143  8:11  Overlord  
  143  8:12  Zergling x4  
  144  8:13  Zergling x2  
  144  8:14  Zergling x6  
  148  8:21  Zerg Melee Weapons Level 1  
  148  8:22  Drone  
  148  8:24  Drone x4  
  148  8:25  Evolution Chamber, Queen  
  148  8:27  Extractor, Overlord  
  154  8:28  Extractor  
  154  8:30  Hydralisk x3  
  154  8:31  Hydralisk x3  
  154  8:33  Baneling x5  
  164  8:44  Drone x4  
  164  8:45  Drone x2  
  164  8:48  Zergling x14  
  177  8:52  Overseer  
  177  8:56  Zerg Missile Weapons Level 2  
  177  8:57  Greater Spire  
  177  8:58  Adrenal Glands  
  177  9:00  Overlord  
  177  9:02  Zergling x12  
  183  9:04  Baneling x4  
  183  9:10  Baneling x6  
  183  9:20  Overlord  
  183  9:23  Zergling x22  
  193  9:35  Hatchery  
  192  9:39  Pathogen Glands  
  192  9:49  Drone x7  
  199  9:57  Extractor x2  
  197  10:06  Spore Crawler  
  196  10:07  Spore Crawler x2  
  196  10:10  Spore Crawler  
  196  10:11  Spore Crawler  
  196  10:12  Spore Crawler  
  196  10:13  Spore Crawler x2  
  189  10:14  Spore Crawler  
  181  10:29  Corruptor x2  
  181  10:30  Corruptor x6  
  181  10:32  Zerg Flyer Armor Level 1  
  197  10:37  Drone x2  
  197  10:39  Overlord  
  197  10:41  Spore Crawler x2  
  187  10:46  Neural Parasite, Zerg Melee Weapons Level 2  
  183  10:51  Infestor x5  
  187  11:06  Infestor x2  
  177  11:21  Brood Lord x2  
  181  11:28  Drone  
  181  11:29  Spine Crawler x2  
  180  11:37  Brood Lord x3  
  183  11:40  Corruptor  
  183  11:42  Drone x4  
  183  11:43  Drone x3  
  183  11:44  Drone x4  
  183  11:46  Spine Crawler  
  172  11:49  Spine Crawler, Brood Lord  
  172  11:52  Brood Lord  
  158  11:56  Spore Crawler x2  
  158  11:57  Spore Crawler x2  
  154  12:03  Spore Crawler x2  
  150  12:10  Infestor x3  
  150  12:11  Spore Crawler x2  
  150  12:12  Zergling x26, Spore Crawler x3  
  164  12:17  Drone x2  
  164  12:18  Spine Crawler  
  164  12:21  Brood Lord  
  167  12:23  Brood Lord  
  167  12:26  Zergling x4  
  167  12:28  Hydralisk  
  171  12:31  Infestor  
  171  12:34  Infestor  
  174  12:39  Drone x5  
  178  12:55  Infestor x3  
  184  12:59  Burrow  
  184  13:09  Zerg Flyer Armor Level 2  
  184  13:12  Spire  
  181  13:16  Spore Crawler x2  
  181  13:17  Spore Crawler x2  
  181  13:18  Spore Crawler  
  176  13:26  Zerg Ground Armor Level 1, Zerg Melee Weapons Level 3  
  175  13:33  Corruptor x2  
  179  13:35  Overseer  
  179  13:37  Zergling x28  
  183  13:41  Zergling x2  
  183  13:42  Zergling x4  
  183  13:46  Zergling x8  
  182  13:54  Corruptor x2  
  186  14:09  Corruptor x4  
  194  14:18  Drone x4  
  196  14:31  Hatchery  
  195  14:37  Spore Crawler  
  194  14:39  Zerg Flyer Weapons Level 1, Spore Crawler  
  194  14:40  Spore Crawler  
  194  14:41  Spore Crawler x2  
  194  14:42  Spore Crawler  
  189  14:51  Corruptor x4  
  197  15:04  Corruptor  
  199  15:08  Overseer x3  
  199  15:42  Spore Crawler  
  198  15:43  Spore Crawler x2  
  188  16:10  Corruptor x6  
  187  16:31  Corruptor x11  
  194  16:43  Overseer  
  190  16:48  Infestor x5  
  196  17:08  Infestor x2  
  200  17:18  Zerg Flyer Weapons Level 2, Zerg Flyer Armor Level 3  
  200  17:19  Zerg Ground Armor Level 2  
  200  17:20  Zerg Missile Weapons Level 3  
  198  17:41  Infestor x2  
  200  18:19  Spore Crawler  
  199  18:20  Spore Crawler x3  
  199  18:21  Spore Crawler x2  
  199  18:23  Extractor  
  199  18:24  Hatchery  
  191  18:27  Extractor  
  191  18:29  Overlord, Corruptor  
  191  18:30  Corruptor x3  
  198  18:54  Corruptor x2  
  169  19:10  Corruptor x10  
  179  19:21  Corruptor  
  179  19:22  Corruptor x3  
  189  19:31  Overlord  
  189  19:34  Zergling x8  
  183  19:42  Infestor  
  183  19:43  Infestor x7  
  196  19:49  Brood Lord  
  198  20:08  Infestor  
  200  20:14  Overseer  
  200  20:25  Overseer  
  200  20:26  Overseer x2  
  195  21:01  Spore Crawler x3  
  195  21:02  Spore Crawler  
  195  21:03  Infestor x3, Spore Crawler  
  196  21:05  Viper  
  197  21:28  Brood Lord  
  199  21:38  Overlord x3  
  199  21:39  Overseer x3  
  199  21:43  Hatchery  
  199  21:45  Extractor x2  
  196  22:11  Spore Crawler x2  
  196  22:14  Spore Crawler  
  196  22:15  Spore Crawler  
  192  22:16  Corruptor x3  
  196  23:02  Drone x2  
  190  23:58  Corruptor x4  
  194  24:17  Infestor x2  
  196  24:30  Unknown  
Tags
 
Add a new tag
Caveats
  • Supply blocks, unpowered buildings, or Contaminate may cause inaccurate times.
  • Supply counts are checked every 10 seconds.